Map: 2000 Atmospheres LE

Players

MeomaikA - Winner!

  • Race: Zerg Zerg

TeebuL

  • Race: Protoss Protoss

Event: DreamHack SC2 Masters 2021 Fall

VOD

Have the link to the VOD?

Description

Time

  • Played on: July 30, 2021, 6:16 a.m.
  • Length: 8:40

All games in this series

Show
View Real Time Build Order
Export as new Build Order

MeomaikA Zerg - Winner!

Build Orders: Pool First, Roach Hydra 

Get SALT Encoding   

  12  0:00  Drone  
  13  0:08  Drone  
  14  0:16  Overlord  
  14  0:23  Extractor  
  14  0:24  Drone  
  15  0:34  Drone x2  
  17  0:43  Spawning Pool  
  17  0:46  Drone  
  17  1:07  Hatchery  
  17  1:10  Drone  
  17  1:13  Extractor  
  17  1:15  Drone  
  17  1:30  Zergling x2, Drone  
  17  1:31  Queen  
  21  1:37  Drone  
  22  1:48  Overlord  
  22  2:07  Drone  
  23  2:09  Queen, Drone  
  23  2:14  Metabolic Boost  
  26  2:20  Drone x2  
  28  2:31  Drone x2  
  30  2:42  Drone x2  
  32  2:45  Drone  
  32  2:47  Drone, Hatchery  
  32  2:50  Drone  
  34  2:54  Overlord  
  34  3:02  Lair  
  34  3:05  Extractor  
  34  3:06  Drone  
  34  3:08  Drone  
  34  3:10  Drone  
  36  3:15  Overlord  
  36  3:17  Drone  
  36  3:18  Zergling x2  
  38  3:20  Zergling x2  
  38  3:23  Drone  
  38  3:25  Drone  
  38  3:26  Drone  
  42  3:28  Drone  
  42  3:32  Overlord  
  43  3:38  Spore Crawler  
  43  3:39  Spore Crawler  
  43  3:40  Drone  
  42  3:44  Drone  
  42  3:45  Drone  
  42  3:47  Drone  
  45  3:49  Drone  
  45  3:50  Drone  
  45  3:54  Drone  
  48  4:00  Hydralisk Den  
  46  4:03  Queen  
  46  4:09  Drone x3  
  51  4:11  Drone  
  51  4:14  Overlord  
  52  4:17  Spore Crawler  
  52  4:22  Evolution Chamber  
  51  4:25  Spore Crawler  
  51  4:27  Drone x6  
  51  4:29  Drone  
  57  4:36  Muscular Augments, Hydralisk x2  
  57  4:37  Hydralisk  
  65  4:41  Hydralisk  
  65  4:42  Extractor  
  66  4:46  Hydralisk  
  66  4:47  Extractor  
  66  4:48  Hydralisk  
  66  4:51  Drone x2  
  71  4:54  Drone  
  71  4:55  Overlord  
  71  4:57  Drone  
  73  5:00  Overlord  
  73  5:02  Overlord  
  73  5:06  Overlord  
  73  5:08  Overlord  
  72  5:15  Drone x3, Roach Warren  
  72  5:16  Drone  
  72  5:18  Drone  
  72  5:20  Drone x2  
  77  5:22  Drone  
  77  5:25  Hydralisk  
  77  5:26  Evolution Chamber  
  79  5:28  Hydralisk  
  79  5:30  Drone  
  79  5:31  Drone  
  79  5:35  Drone  
  84  5:44  Hydralisk x2  
  84  5:48  Hatchery, Overlord  
  87  5:50  Grooved Spines  
  87  5:51  Hydralisk  
  87  5:54  Hydralisk  
  91  5:57  Hydralisk  
  91  5:58  Hydralisk  
  91  6:01  Hydralisk  
  91  6:03  Hydralisk  
  99  6:05  Hydralisk  
  99  6:08  Zerg Missile Weapons Level 1  
  101  6:11  Drone x3  
  101  6:12  Drone  
  101  6:13  Drone  
  101  6:14  Drone  
  101  6:16  Glial Reconstitution  
  101  6:17  Drone  
  108  6:18  Drone  
  108  6:20  Drone  
  108  6:21  Drone x2  
  108  6:24  Drone x2  
  114  6:26  Overlord  
  114  6:27  Roach  
  114  6:29  Roach  
  118  6:33  Roach  
  118  6:35  Roach  
  118  6:37  Overlord x2  
  122  6:46  Roach x4  
  130  6:48  Overlord  
  130  6:51  Overlord  
  130  6:56  Overlord, Roach  
  130  6:57  Roach x2  
  130  7:00  Roach  
  138  7:02  Roach  
  138  7:03  Roach  
  138  7:04  Roach x4  
  138  7:06  Roach  
  138  7:07  Roach  
  154  7:09  Overlord  
  154  7:11  Roach  
  154  7:12  Roach  
  158  7:16  Roach x2  
  158  7:19  Roach x2  
  165  7:24  Roach x2  
  163  7:32  Roach x3  
  163  7:33  Roach  
  163  7:34  Roach x2  
  163  7:35  Roach  
  175  7:38  Roach  
  175  7:42  Roach  
  176  7:47  Roach  
  175  7:53  Roach  
  175  7:56  Overlord x2  
  175  7:57  Overlord  
  175  8:00  Queen, Extractor  
  175  8:01  Overlord  
  175  8:03  Overlord  
  176  8:06  Roach  
  176  8:11  Roach  
  170  8:13  Roach x3  
  170  8:14  Roach  
  170  8:17  Roach  
  158  8:20  Roach  
  158  8:21  Roach  
Show
View Real Time Build Order
Export as new Build Order

TeebuL Protoss 

Build Orders: 1 Gate Expand, Oracle Opening, Zealot Archon, Archon Drop 

Get SALT Encoding   

  12  0:00  Probe  
  13  0:12  Probe  
  14  0:18  Pylon  
  14  0:24  Probe (Chrono Boost)  
  15  0:36  Probe (Chrono Boost)  
  15  0:37  Gateway  
  16  0:45  Probe (Chrono Boost)  
  16  0:46  Assimilator  
  17  0:51  Probe  
  18  1:03  Probe  
  19  1:15  Probe  
  20  1:23  Nexus  
  20  1:36  Cybernetics Core, Probe  
  21  1:43  Assimilator  
  21  1:48  Probe  
  21  1:53  Pylon  
  22  2:00  Probe  
  23  2:09  Stalker (Chrono Boost)  
  23  2:12  Probe  
  26  2:19  Warp Gate  
  25  2:25  Probe (Chrono Boost)  
  26  2:33  Adept  
  26  2:36  Probe (Chrono Boost)  
  30  2:39  Probe (Chrono Boost)  
  30  2:43  Robotics Facility  
  30  2:47  Stargate  
  30  2:49  Probe (Chrono Boost)  
  32  2:54  Probe (Chrono Boost)  
  32  2:56  Gateway  
  33  2:58  Probe (Chrono Boost)  
  33  3:02  Probe (Chrono Boost)  
  33  3:03  Probe (Chrono Boost)  
  35  3:13  Adept, Probe  
  35  3:15  Probe  
  39  3:21  Pylon  
  39  3:25  Probe  
  40  3:27  Oracle (Chrono Boost)  
  40  3:28  Probe  
  44  3:35  Assimilator  
  44  3:37  Probe  
  44  3:38  Assimilator  
  44  3:40  Probe  
  46  3:44  Pylon  
  46  3:48  Robotics Facility  
  46  3:49  Probe  
  46  3:53  Probe  
  48  4:01  Probe  
  49  4:04  Twilight Council  
  49  4:05  Probe  
  50  4:13  Probe  
  50  4:14  Gateway  
  50  4:16  Gateway  
  51  4:17  Probe  
  52  4:25  Probe  
  53  4:32  Probe, Warp Prism (Chrono Boost)  
  53  4:35  Pylon  
  53  4:38  Charge (Chrono Boost)  
  56  4:41  Probe  
  57  4:49  Templar Archives  
  57  4:50  Adept x2  
  61  5:17  Nexus  
  61  5:19  Pylon  
  61  5:25  High Templar  
  61  5:26  High Templar x2  
  67  5:30  Gateway  
  67  5:31  Gateway  
  67  5:32  Gateway, High Templar, Archon  
  67  5:34  Gateway  
  69  5:36  Archon  
  69  5:38  Immortal (Chrono Boost)  
  69  5:39  Pylon  
  73  5:48  Probe x2  
  75  5:52  Pylon  
  65  6:04  Sentry  
  65  6:05  Zealot x3  
  65  6:07  Immortal (Chrono Boost)  
  77  6:14  Probe  
  77  6:15  Probe  
  79  6:27  Probe  
  79  6:30  Pylon  
  79  6:31  Probe x2  
  82  6:35  Warp Prism (Chrono Boost)  
  84  6:41  High Templar x2, Zealot  
  84  6:42  Zealot x3  
  84  6:45  Zealot  
  84  6:46  Zealot  
  100  6:48  Archon  
  100  7:01  Pylon  
  100  7:02  Zealot x4  
  100  7:03  Pylon  
  108  7:26  Zealot x8  
  120  7:39  Probe  
  117  7:45  Probe  
  117  7:48  Robotics Bay  
  117  7:51  Robotics Facility  
  104  7:53  Immortal  
  104  7:58  Zealot x7  
  120  8:00  Sentry  
  120  8:03  Shield Battery  
  108  8:19  Zealot x7  

Tags
 
Add a new tag
Caveats
  • Supply blocks, unpowered buildings, or Contaminate may cause inaccurate times.
  • Supply counts are checked every 10 seconds.